Capitals vs Blues

Created - 26 mars 2016 at 19:55

Goals
1 2 3 OT1 SO T
Capitals 0 1 5 0 1 7
Blues 1 1 4 0 0 6
Shots
1 2 3 OT1 SO T
Capitals 7 7 19 0 3 33
Blues 4 15 21 1 3 41

1st period

1. Blues , Guillaume Latendresse 24 (Darren Reid, Nicklas Backstrom) at 4:46

Penalties :
Tuukka Rask (STL) for Delaying the game (Minor) at 8:27 - Paul Kariya served the penalty

2nd period

2. Blues , Nicklas Backstrom 22 (Darren Reid) at 12:27
3. Capitals , Patrik Elias 25 (Brent Seabrook) at 12:46 (SH)

Penalties :
Marek Zidlicky (Was) for Boarding (Minor) at 1:11, Jakub Voracek (Was) for Roughing (Minor) at 8:20, Pavel Datsyuk (Was) for Roughing (Minor) at 12:32, Taylor Pyatt (STL) for Roughing (Minor) at 15:15, Johan Franzen (Was) for Roughing (Minor) at 18:38

3rd period

4. Blues , David Perron 24 (Jake Gardiner) at 2:52
5. Capitals , Thomas Vanek 39 (Phil Kessel, Brent Seabrook) at 6:57
6. Capitals , Thomas Vanek 40 (Brent Seabrook) at 8:12
7. Blues , Alex Pietrangelo 9 (Joe Pavelski) at 11:55 (PP)
8. Blues , David Perron 25 (Joe Pavelski, Alex Pietrangelo) at 15:31
9. Capitals , David Krejci 11 (Johan Franzen, Patrik Elias) at 16:05
10. Blues , Paul Kariya 16 (Jake Gardiner, Drew Fata) at 17:17
11. Capitals , Brent Seabrook 6 (Johan Franzen, Mark Streit) at 18:26 (PP)
12. Capitals , Patrik Elias 26 (Mark Streit, Brent Seabrook) at 18:42

Penalties :
Marek Zidlicky (Was) for Holding (Minor) at 11:43, Joe Pavelski (STL) for Hooking (Minor) at 18:12

Overtime #1

No Goal

Penalties :
No Penalty

Shootout

Penalty Shot by Pavel Datsyuk for Capitals - Goal!
Penalty Shot by David Perron for Blues - Stopped by Jaroslav Halak
Penalty Shot by Jakub Voracek for Capitals - Stopped by Tuukka Rask
Penalty Shot by Guillaume Latendresse for Blues - Stopped by Jaroslav Halak
Penalty Shot by Thomas Vanek for Capitals - Stopped by Tuukka Rask
Penalty Shot by Joe Pavelski for Blues - Stopped by Jaroslav Halak

Penalties :
No Penalty

Goalie Stats

Jaroslav Halak (Was), 35 saves from 41 shots - (0,854), W, 30-26-6, 65:00 minutes
Tuukka Rask (STL), 27 saves from 33 shots - (0,818), OTL, 29-18-6, 65:00 minutes

Players Stats for Capitals

Player Name              G  A  P  +/- PIM S  H  SB GA TA FO     MP     PP MP  PK MP  
------------------------------------------------------------------------------------
Brent Seabrook           1  4  5   2  0   2  3  3  1  1  0/0    31:36   1:15   5:07 
Brian Campbell           0  0  0  -2  0   1  2  2  0  1  0/0    23:48   2:27   3:01 
Carl Hagelin             0  0  0   0  0   0  1  1  0  0  0/0     7:25   0:14   0:00 
David Krejci             1  0  1   1  0   2  2  0  0  0  5/11   10:32   0:00   0:00 
Jakub Voracek            0  0  0  -1  2   3  0  0  1  0  0/1    15:06   0:58   0:00 
James Neal               0  0  0  -1  0   3  1  0  0  1  0/1    15:39   0:51   1:05 
Johan Franzen            0  2  2   1  2   2  1  0  1  0  0/0    15:51   2:07   1:15 
Keith Yandle             0  0  0   0  0   0  0  0  0  0  0/0     8:39   0:30   0:31 
Marek Zidlicky           0  0  0  -2  4   1  0  1  2  0  0/0    22:53   2:27   2:08 
Mark Giordano            0  0  0   0  0   0  1  0  0  0  0/0     9:40   0:30   0:22 
Mark Streit              0  2  2   2  0   4  2  0  0  2  0/0    33:04   1:15   5:07 
Mikael Samuelsson        0  0  0   0  0   1  0  0  0  0  2/3     7:36   0:16   0:00 
Patrik Elias             2  1  3   2  0   2  2  1  0  0  0/0    18:07   1:58   5:04 
Pavel Datsyuk            0  0  0  -1  2   1  0  2  0  0  17/37  24:47   1:16   3:50 
Phil Kessel              0  1  1  -1  0   3  2  0  1  0  1/1    18:27   0:57   0:00 
Ryan Callahan            0  0  0   1  0   1  2  0  1  1  3/4    12:48   1:58   2:28 
Thomas Vanek             2  0  2  -1  0   7  3  0  0  0  1/3    22:22   1:16   1:47 
Tyler Johnson            0  0  0  -1  0   0  0  1  0  1  8/13   13:27   0:45   0:47 

Players Stats for Blues

Player Name              G  A  P  +/- PIM S  H  SB GA TA FO     MP     PP MP  PK MP  
------------------------------------------------------------------------------------
Alex Pietrangelo         1  1  2  -2  0   9  2  3  2  2  0/0    30:35   5:19   0:00 
Bryce Lampman            0  0  0  -2  0   0  2  2  0  0  0/0    24:00   0:31   1:28 
Darren Reid              0  2  2   2  0   0  3  0  0  0  1/1    14:02   3:23   0:00 
David Perron             2  0  2  -1  0   10 4  2  1  0  0/2    23:25   4:31   0:37 
Drew Fata                0  1  1   2  0   1  3  2  0  1  0/0    19:33   0:00   2:07 
Guillaume Latendresse    1  0  1   2  0   2  2  0  0  0  0/0    16:51   3:22   1:41 
Jake Gardiner            0  2  2   1  0   3  2  0  0  0  0/0    24:53   5:50   2:05 
Joe Pavelski             0  2  2  -1  2   2  2  1  0  1  3/4    23:26   4:22   0:00 
Kevin Porter             0  0  0   0  0   1  1  0  0  0  0/3     8:03   0:00   0:21 
Lasse Kukkonen           0  0  0   1  0   0  2  0  0  2  0/0    18:17   2:18   2:18 
Lee Stempniak            0  0  0   0  0   1  1  0  0  0  0/0     7:25   0:00   0:00 
Nicklas Backstrom        1  1  2   1  0   4  1  0  1  0  13/19  18:25   4:46   1:34 
Nik Antropov             0  0  0   0  0   1  4  0  1  1  14/29  24:43   2:54   2:11 
Paul Kariya              1  0  1  -1  0   3  2  0  1  0  0/1    14:47   0:43   0:00 
Ryan Whitney             0  0  0   0  0   2  0  0  0  0  0/0    12:42   2:18   0:26 
Sergei Shirokov          0  0  0  -1  0   1  3  0  0  0  0/0    12:25   0:00   0:48 
Taylor Pyatt             0  0  0   0  2   1  0  1  1  0  1/1    10:37   0:23   1:12 
Tyler Arnason            0  0  0  -1  0   0  1  0  0  0  5/14   11:37   0:00   0:00 

3 Stars

1 - Brent Seabrook (Was)
2 - Patrik Elias (Was)
3 - David Perron (STL)

Power Play

Capitals - 1 on 3 Attempt(s) - 33,33%
Blues - 1 on 5 Attempt(s) - 20,00%

Penalty Kill

Capitals - 4 on 5 Attempt(s) - 80,00% - Score 1 goal in Penalty Kill
Blues - 2 on 3 Attempt(s) - 66,67% - Score 0 goal in Penalty Kill

Team Stat

Capitals - Hits : 22 - Faceoff Wins : 37 - Blocked Shots : 11 - Penalty Minutes : 10
Blues - Hits : 35 - Faceoff Wins : 37 - Blocked Shots : 11 - Penalty Minutes : 4

Official

Referees : Pochmara Brian and Auger Stephane
Linesman : Vaughan Rody and Mark Shewchyk

Game Notes

No Game Note

Finance

Level 1 -- Attendance: 6000 (100,00%) -- Ticket Income 504 000 $
Level 2 -- Attendance: 4244 (84,88%) -- Ticket Income 220 688 $
Level 3 -- Attendance: 1992 (99,60%) -- Ticket Income 59 760 $
Level 4 -- Attendance: 3682 (92,05%) -- Ticket Income 69 958 $
Luxury Box -- Attendance: 823 (82,30%) -- Ticket Income 139 087 $
Game was played at the Scotttrade center.
Total Attendance: 16741 (93,01%)
Total Ticket Income: 993 493 $
Other Income: 149 024 $
Total Income: 1 142 517 $

Capitals

5 vs 5 Forward 
   Center                   Left Wing                Right Wing               Time % Phy DF OF 
 1 Pavel Datsyuk            Thomas Vanek             Phil Kessel              40     1   2  2  
 2 Tyler Johnson            James Neal               Jakub Voracek            30     1   2  2  
 3 David Krejci             Patrik Elias             Johan Franzen            20     1   2  2  
 4 Mikael Samuelsson        Carl Hagelin             Ryan Callahan            10     1   2  2  

5 vs 5 Defense 
   Defense                  Defense                                           Time % Phy DF OF 
 1 Brent Seabrook           Mark Streit                                       40     1   2  2  
 2 Marek Zidlicky           Brian Campbell                                    30     1   2  2  
 3 Mark Streit              Mark Giordano                                     20     1   2  2  
 4 Keith Yandle             Brent Seabrook                                    10     1   2  2  

PowerPlay Forward 
   Center                   Left Wing                Right Wing               Time % Phy DF OF 
 1 Pavel Datsyuk            Thomas Vanek             Johan Franzen            60     1   2  2  
 2 Ryan Callahan            Patrik Elias             Phil Kessel              40     1   2  2  

PowerPlay Defense
   Defense                  Defense                                           Time % Phy DF OF 
 1 Brent Seabrook           Mark Streit                                       60     1   2  2  
 2 Marek Zidlicky           Brian Campbell                                    40     1   2  2  

Penalty Kill 4 Players Forward 
   Center                   Wing                     Time % Phy DF OF 
 1 Pavel Datsyuk            Patrik Elias             60     1   2  2  
 2 Thomas Vanek             Johan Franzen            40     1   2  2  

Penalty Kill 4 Players Defense
   Defense                  Defense                  Time % Phy DF OF 
 1 Brent Seabrook           Mark Streit              60     1   2  2  
 2 Marek Zidlicky           Brian Campbell           40     1   2  2  

Penalty Kill - 3 Players Forward 
   Forward                                           Time % Phy DF OF 
 1 Pavel Datsyuk                                     60     1   2  2  
 2 Thomas Vanek                                      40     1   2  2  

Penalty Kill - 3 Players Defense
   Defense                  Defense                  Time % Phy DF OF 
 1 Brent Seabrook           Mark Streit              60     1   2  2  
 2 Marek Zidlicky           Brian Campbell           40     1   2  2  

4 vs 4 Forward 
   Center                   Wing                     Time % Phy DF OF 
 1 Pavel Datsyuk            James Neal               60     1   2  2  
 2 Thomas Vanek             Johan Franzen            40     1   2  2  

4 vs 4 Defense
   Defense                  Defense                  Time % Phy DF OF 
 1 Brent Seabrook           Mark Streit              60     1   2  2  
 2 Marek Zidlicky           Brian Campbell           40     1   2  2  

Last Minutes Offensive
   Center                   Left Wing                Right Wing               Defense                  Defense                  
   Pavel Datsyuk            Thomas Vanek             Johan Franzen            Brent Seabrook           Mark Streit              

Last Minutes Defensive
   Center                   Left Wing                Right Wing               Defense                  Defense                  
   Pavel Datsyuk            Thomas Vanek             Johan Franzen            Brent Seabrook           Mark Streit              

Goaltenders
Starting : Jaroslav Halak           
Backup : Corey Crawford           

Extra Forwards
Normal : Jakub Voracek, James Neal, Ryan Callahan - PP : Jakub Voracek, James Neal - PK : Ryan Callahan
Extra Defensemen
Normal : Brent Seabrook, Mark Giordano, Keith Yandle - PP : Mark Streit - PK : Mark Giordano, Keith Yandle
Penalty Shots
Pavel Datsyuk, Jakub Voracek, Thomas Vanek, Johan Franzen, Patrik Elias

Blues

5 vs 5 Forward 
   Center                   Left Wing                Right Wing               Time % Phy DF OF 
 1 Nik Antropov             David Perron             Joe Pavelski             40     1   2  2  
 2 Nicklas Backstrom        Guillaume Latendresse    Darren Reid              30     1   2  2  
 3 Tyler Arnason            Paul Kariya              Sergei Shirokov          20     1   2  2  
 4 Kevin Porter             Taylor Pyatt             Lee Stempniak            10     1   2  2  

5 vs 5 Defense 
   Defense                  Defense                                           Time % Phy DF OF 
 1 Alex Pietrangelo         Bryce Lampman                                     40     1   2  2  
 2 Jake Gardiner            Drew Fata                                         30     1   2  2  
 3 Lasse Kukkonen           Ryan Whitney                                      20     1   2  2  
 4 Lasse Kukkonen           Alex Pietrangelo                                  10     1   2  2  

PowerPlay Forward 
   Center                   Left Wing                Right Wing               Time % Phy DF OF 
 1 Nicklas Backstrom        David Perron             Joe Pavelski             60     1   2  2  
 2 Nik Antropov             Guillaume Latendresse    Darren Reid              40     1   2  2  

PowerPlay Defense
   Defense                  Defense                                           Time % Phy DF OF 
 1 Alex Pietrangelo         Jake Gardiner                                     60     1   2  2  
 2 Lasse Kukkonen           Ryan Whitney                                      40     1   2  2  

Penalty Kill 4 Players Forward 
   Center                   Wing                     Time % Phy DF OF 
 1 Nik Antropov             Taylor Pyatt             60     1   2  2  
 2 Tyler Arnason            Guillaume Latendresse    40     1   2  2  

Penalty Kill 4 Players Defense
   Defense                  Defense                  Time % Phy DF OF 
 1 Bryce Lampman            Drew Fata                60     1   2  2  
 2 Jake Gardiner            Lasse Kukkonen           40     1   2  2  

Penalty Kill - 3 Players Forward 
   Forward                                           Time % Phy DF OF 
 1 Nik Antropov                                      60     1   2  2  
 2 Kevin Porter                                      40     1   2  2  

Penalty Kill - 3 Players Defense
   Defense                  Defense                  Time % Phy DF OF 
 1 Drew Fata                Alex Pietrangelo         60     1   2  2  
 2 Bryce Lampman            Lasse Kukkonen           40     1   2  2  

4 vs 4 Forward 
   Center                   Wing                     Time % Phy DF OF 
 1 Nik Antropov             Paul Kariya              60     1   2  2  
 2 Nicklas Backstrom        Joe Pavelski             40     1   2  2  

4 vs 4 Defense
   Defense                  Defense                  Time % Phy DF OF 
 1 Alex Pietrangelo         Bryce Lampman            60     1   2  2  
 2 Lasse Kukkonen           Drew Fata                40     1   2  2  

Last Minutes Offensive
   Center                   Left Wing                Right Wing               Defense                  Defense                  
   Nicklas Backstrom        Guillaume Latendresse    Joe Pavelski             Alex Pietrangelo         Jake Gardiner            

Last Minutes Defensive
   Center                   Left Wing                Right Wing               Defense                  Defense                  
   Nik Antropov             Taylor Pyatt             Darren Reid              Bryce Lampman            Drew Fata                

Goaltenders
Starting : Tuukka Rask              
Backup : Adam Munro               

Extra Forwards
Normal : Paul Kariya, Taylor Pyatt, Joe Pavelski - PP : Paul Kariya, Taylor Pyatt - PK : Sergei Shirokov
Extra Defensemen
Normal : Drew Fata, Lasse Kukkonen, Bryce Lampman - PP : Bryce Lampman - PK : Jake Gardiner, Alex Pietrangelo
Penalty Shots
David Perron, Guillaume Latendresse, Joe Pavelski, Tyler Arnason, Nik Antropov

% Time on Ice - Capitals

Lines # - Real PCT - Wanted PCT - Time Play
Normal Forward
1 - 37% - 40% - 17:45
2 - 26% - 30% - 12:12
3 - 22% - 20% - 10:32
4 - 15% - 10% - 7:11
Normal Defense
1 - 39% - 40% - 18:34
2 - 35% - 30% - 16:48
3 - 16% - 20% - 7:29
4 - 10% - 10% - 4:49
PP Forward
1 - 42% - 60% - 1:45
2 - 58% - 40% - 2:27
PP Defense
1 - 42% - 60% - 1:45
2 - 58% - 40% - 2:27
PK Forward
1 - 78% - 60% - 6:21
2 - 22% - 40% - 1:47
PK Defense
1 - 63% - 60% - 5:07
2 - 37% - 40% - 3:01
PK3 Forward
1 - 0% - 60%
2 - 0% - 40%
PK3 Defense
1 - 0% - 60%
2 - 0% - 40%
44 Forward
1 - 82% - 60% - 4:07
2 - 18% - 40% - 0:53
44 Defense
1 - 61% - 60% - 3:03
2 - 39% - 40% - 1:57
Last Minute Offensive  - 0:00
Last Minute Defensive  - 0:00
Total
Forward - 65:00
Defense - 65:00

% Time on Ice - Blues

Lines # - Real PCT - Wanted PCT - Time Play
Normal Forward
1 - 38% - 40% - 17:59
2 - 22% - 30% - 10:39
3 - 24% - 20% - 11:37
4 - 16% - 10% - 7:25
Normal Defense
1 - 44% - 40% - 20:50
2 - 32% - 30% - 15:03
3 - 18% - 20% - 8:45
4 - 6% - 10% - 3:02
PP Forward
1 - 59% - 60% - 4:46
2 - 41% - 40% - 3:22
PP Defense
1 - 72% - 60% - 5:50
2 - 28% - 40% - 2:18
PK Forward
1 - 100% - 60% - 4:12
2 - 0% - 40% - 0:00
PK Defense
1 - 50% - 60% - 2:07
2 - 50% - 40% - 2:05
PK3 Forward
1 - 0% - 60%
2 - 0% - 40%
PK3 Defense
1 - 0% - 60%
2 - 0% - 40%
44 Forward
1 - 86% - 60% - 4:19
2 - 14% - 40% - 0:41
44 Defense
1 - 78% - 60% - 3:53
2 - 22% - 40% - 1:07
Last Minute Offensive  - 0:00
Last Minute Defensive  - 0:00
Total
Forward - 65:00
Defense - 65:00

Play by Play

1st period


0:01 of 1st period - Pavel Datsyuk wins face-off versus Nik Antropov in neutral zone.
0:08 of 1st period - Snap shot by Phil Kessel.
0:08 of 1st period - Stopped by Tuukka Rask without a rebound.
0:09 of 1st period - Joe Pavelski wins face-off versus Pavel Datsyuk in Blues zone.
0:30 of 1st period - Phil Kessel is hit by Nik Antropov and loses puck.
1:13 of 1st period - Brent Seabrook is hit by Joe Pavelski and loses puck.
1:50 of 1st period - Snap shot by Thomas Vanek.
1:50 of 1st period - Stopped by Tuukka Rask without a rebound.
1:51 of 1st period - Nicklas Backstrom wins face-off versus Tyler Johnson in Blues zone.
2:56 of 1st period - Off-side.
2:57 of 1st period - Nicklas Backstrom wins face-off versus Tyler Johnson in neutral zone.
3:15 of 1st period - Icing by James Neal.
3:16 of 1st period - Tyler Johnson wins face-off versus Tyler Arnason in Capitals zone.
3:23 of 1st period - Mark Giordano is hit by Sergei Shirokov and loses puck.
4:02 of 1st period - Snap shot by Johan Franzen.
4:02 of 1st period - Shot Misses the Net.
4:30 of 1st period - Snap shot by Phil Kessel.
4:30 of 1st period - Stopped by Tuukka Rask without a rebound.
4:31 of 1st period - Nicklas Backstrom wins face-off versus David Krejci in Blues zone.
4:44 of 1st period - Slapshot by Guillaume Latendresse.
4:44 of 1st period - Shot Misses the Net.
4:46 of 1st period - Snap shot by Guillaume Latendresse.
4:46 of 1st period - Goal by Guillaume Latendresse - Capitals : 0 - Blues : 1.
4:47 of 1st period - Tyler Johnson wins face-off versus Tyler Arnason in neutral zone.
4:57 of 1st period - Marek Zidlicky is hit by Sergei Shirokov and loses puck.
5:36 of 1st period - Thomas Vanek is hit by Jake Gardiner and loses puck.
5:58 of 1st period - Snap shot by Kevin Porter.
5:58 of 1st period - Shot Misses the Net.
6:00 of 1st period - Slapshot by Jake Gardiner.
6:00 of 1st period - Stopped by Jaroslav Halak without a rebound.
6:01 of 1st period - Tyler Johnson wins face-off versus Kevin Porter in Capitals zone.
6:06 of 1st period - Snap shot by Jakub Voracek.
6:06 of 1st period - Shot Blocked by Taylor Pyatt.
6:08 of 1st period - Wrist shot by Jakub Voracek.
6:08 of 1st period - Stopped by Tuukka Rask with a rebound.
6:14 of 1st period - Slapshot by Mark Streit.
6:14 of 1st period - Deflect By Tyler Johnson.
6:14 of 1st period - Shot Misses the Net.
6:14 of 1st period - Puck is out of play.
6:15 of 1st period - Pavel Datsyuk wins face-off versus Tyler Arnason in Blues zone.
6:22 of 1st period - Snap shot by Thomas Vanek.
6:22 of 1st period - Stopped by Tuukka Rask without a rebound.
6:23 of 1st period - Pavel Datsyuk wins face-off versus Tyler Arnason in Blues zone.
6:32 of 1st period - Thomas Vanek is hit by Alex Pietrangelo and loses puck.
6:52 of 1st period - Wrist shot by Pavel Datsyuk.
6:52 of 1st period - Stopped by Tuukka Rask with a rebound.
7:08 of 1st period - Bryce Lampman is hit by Thomas Vanek and loses puck.
7:45 of 1st period - Backhand shot by Alex Pietrangelo.
7:45 of 1st period - Shot Blocked by Pavel Datsyuk.
8:01 of 1st period - Slapshot by Alex Pietrangelo.
8:01 of 1st period - Stopped by Jaroslav Halak with a rebound.
8:03 of 1st period - Wrist shot by Sergei Shirokov.
8:03 of 1st period - Shot Misses the Net.
8:27 of 1st period - Wrist shot by Phil Kessel.
8:27 of 1st period - Stopped by Tuukka Rask without a rebound.
8:27 of 1st period - Minor Penalty to Tuukka Rask for Delaying the game.
8:28 of 1st period - Ryan Callahan wins face-off versus Nik Antropov in Blues zone.
10:27 of 1st period - Penalty to Paul Kariya is over, Paul Kariya is back on ice.
10:32 of 1st period - Drew Fata is hit by Mark Giordano and loses puck.
10:49 of 1st period - David Perron is hit by Ryan Callahan and loses puck.
13:30 of 1st period - Ryan Callahan is hit by Lasse Kukkonen and loses puck.
13:43 of 1st period - Johan Franzen is hit by Guillaume Latendresse.
14:03 of 1st period - Mark Giordano is hit by Joe Pavelski and loses puck.
14:39 of 1st period - Tyler Arnason is hit by Carl Hagelin and loses puck.
15:06 of 1st period - Pavel Datsyuk is hit by Guillaume Latendresse.
15:56 of 1st period - Brent Seabrook is hit by Tyler Arnason and loses puck.
16:47 of 1st period - Guillaume Latendresse is hit by Phil Kessel and loses puck.
17:05 of 1st period - Jakub Voracek is hit by Nik Antropov and loses puck.
18:27 of 1st period - Phil Kessel is hit by Nik Antropov.
18:42 of 1st period - Brian Campbell is hit by Paul Kariya and loses puck.
18:49 of 1st period - Slapshot by Sergei Shirokov.
18:49 of 1st period - Shot Blocked by Marek Zidlicky.
19:01 of 1st period - Marek Zidlicky is hit by Drew Fata and loses puck.
19:06 of 1st period - Wrist shot by Guillaume Latendresse.
19:06 of 1st period - Stopped by Jaroslav Halak with a rebound.
19:18 of 1st period - Lasse Kukkonen is hit by Ryan Callahan.
19:24 of 1st period - Mark Streit is hit by Bryce Lampman and loses puck.
19:44 of 1st period - Brent Seabrook is hit by Drew Fata and loses puck.
Goals for this period are 0 for Capitals vs 1 for Blues.
Shots for this period are 7 for Capitals vs 4 for Blues.

2nd period


0:01 of 2nd period - Nik Antropov wins face-off versus Tyler Johnson in neutral zone.
1:11 of 2nd period - Minor Penalty to Marek Zidlicky for Boarding.
1:12 of 2nd period - Pavel Datsyuk wins face-off versus Paul Kariya in Capitals zone.
1:24 of 2nd period - Brent Seabrook is hit by Paul Kariya and loses puck.
2:14 of 2nd period - Snap shot by Thomas Vanek.
2:14 of 2nd period - Stopped by Tuukka Rask without a rebound.
2:15 of 2nd period - Nicklas Backstrom wins face-off versus Thomas Vanek in Blues zone.
2:57 of 2nd period - Mark Streit is hit by Alex Pietrangelo and loses puck.
3:11 of 2nd period - Penalty to Marek Zidlicky is over, Marek Zidlicky is back on ice.
3:18 of 2nd period - Wrist shot by Lee Stempniak.
3:18 of 2nd period - Deflect By Brent Seabrook.
3:18 of 2nd period - Stopped by Jaroslav Halak without a rebound.
3:19 of 2nd period - Tyler Johnson wins face-off versus Kevin Porter in Capitals zone.
3:19 of 2nd period - Tyler Johnson is hit by Kevin Porter.
3:27 of 2nd period - Snap shot by Brian Campbell.
3:27 of 2nd period - Stopped by Tuukka Rask with a rebound.
3:39 of 2nd period - Wrist shot by Taylor Pyatt.
3:39 of 2nd period - Shot Misses the Net.
3:41 of 2nd period - Snap shot by Bryce Lampman.
3:41 of 2nd period - Shot Blocked by Brian Campbell.
3:43 of 2nd period - Snap shot by Taylor Pyatt.
3:43 of 2nd period - Shot Misses the Net.
3:45 of 2nd period - Snap shot by Bryce Lampman.
3:45 of 2nd period - Shot Misses the Net.
3:47 of 2nd period - Slapshot by Alex Pietrangelo.
3:47 of 2nd period - Shot Misses the Net.
3:49 of 2nd period - Slapshot by Kevin Porter.
3:49 of 2nd period - Shot Blocked by Brian Campbell.
3:51 of 2nd period - Slapshot by Alex Pietrangelo.
3:51 of 2nd period - Stopped by Jaroslav Halak without a rebound.
3:52 of 2nd period - Pavel Datsyuk wins face-off versus Nik Antropov in Capitals zone.
4:19 of 2nd period - Nicklas Backstrom is hit by Johan Franzen and loses puck.
4:42 of 2nd period - Jake Gardiner is hit by Brian Campbell and loses puck.
5:03 of 2nd period - Wrist shot by Taylor Pyatt.
5:03 of 2nd period - Shot Misses the Net.
5:48 of 2nd period - Alex Pietrangelo is hit by Patrik Elias and loses puck.
6:09 of 2nd period - Slapshot by Alex Pietrangelo.
6:09 of 2nd period - Stopped by Jaroslav Halak with a rebound.
6:11 of 2nd period - Slapshot by Paul Kariya.
6:11 of 2nd period - Stopped by Jaroslav Halak with a rebound.
6:45 of 2nd period - Brent Seabrook is hit by David Perron and loses puck.
7:08 of 2nd period - Mikael Samuelsson is hit by Jake Gardiner and loses puck.
7:43 of 2nd period - James Neal is hit by Nicklas Backstrom.
8:01 of 2nd period - Snap shot by Thomas Vanek.
8:01 of 2nd period - Shot Blocked by Joe Pavelski.
8:17 of 2nd period - Slapshot by Alex Pietrangelo.
8:17 of 2nd period - Stopped by Jaroslav Halak without a rebound.
8:18 of 2nd period - Tyler Johnson wins face-off versus Tyler Arnason in Capitals zone.
8:20 of 2nd period - Minor Penalty to Jakub Voracek for Roughing.
8:21 of 2nd period - Pavel Datsyuk wins face-off versus David Perron in Capitals zone.
8:31 of 2nd period - Slapshot by Nicklas Backstrom.
8:31 of 2nd period - Shot Misses the Net.
8:33 of 2nd period - Snap shot by David Perron.
8:33 of 2nd period - Stopped by Jaroslav Halak with a rebound.
8:35 of 2nd period - Slapshot by Nicklas Backstrom.
8:35 of 2nd period - Shot Misses the Net.
8:37 of 2nd period - Wrist shot by Joe Pavelski.
8:37 of 2nd period - Stopped by Jaroslav Halak with a rebound.
9:02 of 2nd period - Marek Zidlicky is hit by David Perron and loses puck.
9:51 of 2nd period - Lasse Kukkonen is hit by Brent Seabrook and loses puck.
10:07 of 2nd period - Icing by Jake Gardiner.
10:08 of 2nd period - Darren Reid wins face-off versus Pavel Datsyuk in Blues zone.
10:20 of 2nd period - Penalty to Jakub Voracek is over, Jakub Voracek is back on ice.
10:57 of 2nd period - Slapshot by Johan Franzen.
10:57 of 2nd period - Shot Misses the Net.
11:05 of 2nd period - Slapshot by Thomas Vanek.
11:05 of 2nd period - Shot Misses the Net.
11:07 of 2nd period - Wrist shot by Jakub Voracek.
11:07 of 2nd period - Stopped by Tuukka Rask without a rebound.
11:08 of 2nd period - Nik Antropov wins face-off versus Mikael Samuelsson in Blues zone.
11:17 of 2nd period - Snap shot by David Perron.
11:17 of 2nd period - Stopped by Jaroslav Halak without a rebound.
11:18 of 2nd period - Mikael Samuelsson wins face-off versus David Perron in Capitals zone.
11:29 of 2nd period - Slapshot by Carl Hagelin.
11:29 of 2nd period - Shot Misses the Net.
11:31 of 2nd period - Slapshot by Mikael Samuelsson.
11:31 of 2nd period - Shot Misses the Net.
11:33 of 2nd period - Slapshot by Mark Streit.
11:33 of 2nd period - Deflect By David Perron.
11:33 of 2nd period - Stopped by Tuukka Rask with a rebound.
11:35 of 2nd period - Snap shot by Ryan Callahan.
11:35 of 2nd period - Stopped by Tuukka Rask without a rebound.
11:36 of 2nd period - Nicklas Backstrom wins face-off versus Pavel Datsyuk in Blues zone.
11:41 of 2nd period - Snap shot by Ryan Whitney.
11:41 of 2nd period - Stopped by Jaroslav Halak with a rebound.
11:43 of 2nd period - Slapshot by Ryan Whitney.
11:43 of 2nd period - Stopped by Jaroslav Halak without a rebound.
11:44 of 2nd period - Thomas Vanek wins face-off versus Nicklas Backstrom in Capitals zone.
11:51 of 2nd period - Backhand shot by Nicklas Backstrom.
11:51 of 2nd period - Stopped by Jaroslav Halak without a rebound.
11:52 of 2nd period - Pavel Datsyuk wins face-off versus Nik Antropov in Capitals zone.
12:07 of 2nd period - Slapshot by Alex Pietrangelo.
12:07 of 2nd period - Deflect By Joe Pavelski.
12:07 of 2nd period - Shot Misses the Net.
12:07 of 2nd period - Puck is out of play.
12:08 of 2nd period - Nicklas Backstrom wins face-off versus James Neal in Capitals zone.
12:13 of 2nd period - Snap shot by Nicklas Backstrom.
12:13 of 2nd period - Stopped by Jaroslav Halak without a rebound.
12:14 of 2nd period - Nicklas Backstrom wins face-off versus Tyler Johnson in Capitals zone.
12:27 of 2nd period - Snap shot by Nicklas Backstrom.
12:27 of 2nd period - Goal by Nicklas Backstrom - Capitals : 0 - Blues : 2.
12:28 of 2nd period - Nik Antropov wins face-off versus Pavel Datsyuk in neutral zone.
12:32 of 2nd period - Minor Penalty to Pavel Datsyuk for Roughing.
12:33 of 2nd period - Nicklas Backstrom wins face-off versus Ryan Callahan in Capitals zone.
12:46 of 2nd period - Snap shot by Patrik Elias.
12:46 of 2nd period - Goal by Patrik Elias - Capitals : 1 - Blues : 2.
12:47 of 2nd period - Ryan Callahan wins face-off versus Nicklas Backstrom in neutral zone.
12:50 of 2nd period - Nicklas Backstrom is hit by Patrik Elias and loses puck.
12:59 of 2nd period - Wrist shot by Joe Pavelski.
12:59 of 2nd period - Shot Misses the Net.
13:01 of 2nd period - Slapshot by Jake Gardiner.
13:01 of 2nd period - Stopped by Jaroslav Halak with a rebound.
13:03 of 2nd period - Backhand shot by Alex Pietrangelo.
13:03 of 2nd period - Stopped by Jaroslav Halak without a rebound.
13:04 of 2nd period - Ryan Callahan wins face-off versus Nicklas Backstrom in Capitals zone.
13:28 of 2nd period - Patrik Elias is hit by Darren Reid and loses puck.
14:32 of 2nd period - Penalty to Pavel Datsyuk is over, Pavel Datsyuk is back on ice.
14:48 of 2nd period - Mark Giordano is hit by Sergei Shirokov and loses puck.
15:07 of 2nd period - Snap shot by Ryan Callahan.
15:07 of 2nd period - Shot Blocked by Drew Fata.
15:09 of 2nd period - Snap shot by Mikael Samuelsson.
15:09 of 2nd period - Stopped by Tuukka Rask with a rebound.
15:15 of 2nd period - Minor Penalty to Taylor Pyatt for Roughing.
15:16 of 2nd period - Nik Antropov wins face-off versus Pavel Datsyuk in Blues zone.
16:14 of 2nd period - Drew Fata is hit by Brent Seabrook and loses puck.
16:29 of 2nd period - Nicklas Backstrom is hit by Thomas Vanek and loses puck.
16:52 of 2nd period - Nicklas Backstrom is hit by Phil Kessel and loses puck.
17:15 of 2nd period - Penalty to Taylor Pyatt is over, Taylor Pyatt is back on ice.
18:38 of 2nd period - Minor Penalty to Johan Franzen for Roughing.
18:39 of 2nd period - Pavel Datsyuk wins face-off versus Nicklas Backstrom in Capitals zone.
18:54 of 2nd period - Wrist shot by Pavel Datsyuk.
18:54 of 2nd period - Shot Blocked by Alex Pietrangelo.
Goals for this period are 1 for Capitals vs 1 for Blues.
Shots for this period are 7 for Capitals vs 15 for Blues.

3rd period


0:01 of 3rd period - Pavel Datsyuk wins face-off versus Nicklas Backstrom in neutral zone.
0:10 of 3rd period - Wrist shot by David Perron.
0:10 of 3rd period - Stopped by Jaroslav Halak without a rebound.
0:11 of 3rd period - Nicklas Backstrom wins face-off versus Pavel Datsyuk in Capitals zone.
0:16 of 3rd period - Snap shot by David Perron.
0:16 of 3rd period - Shot Blocked by Patrik Elias.
0:18 of 3rd period - Slapshot by Alex Pietrangelo.
0:18 of 3rd period - Stopped by Jaroslav Halak without a rebound.
0:19 of 3rd period - Nicklas Backstrom wins face-off versus Pavel Datsyuk in Capitals zone.
0:38 of 3rd period - Penalty to Johan Franzen is over, Johan Franzen is back on ice.
0:43 of 3rd period - Off-side.
0:44 of 3rd period - Tyler Johnson wins face-off versus Tyler Arnason in neutral zone.
0:47 of 3rd period - Slapshot by James Neal.
0:47 of 3rd period - Deflect By Jakub Voracek.
0:47 of 3rd period - Shot Misses the Net.
0:47 of 3rd period - Puck is out of play.
0:48 of 3rd period - Tyler Johnson wins face-off versus Tyler Arnason in Blues zone.
0:55 of 3rd period - Slapshot by James Neal.
0:55 of 3rd period - Stopped by Tuukka Rask without a rebound.
0:56 of 3rd period - Pavel Datsyuk wins face-off versus Joe Pavelski in Blues zone.
1:08 of 3rd period - Icing by Nik Antropov.
1:09 of 3rd period - Pavel Datsyuk wins face-off versus Nik Antropov in Blues zone.
1:22 of 3rd period - Snap shot by Nik Antropov.
1:22 of 3rd period - Stopped by Jaroslav Halak without a rebound.
1:23 of 3rd period - Nik Antropov wins face-off versus Pavel Datsyuk in Capitals zone.
1:24 of 3rd period - Snap shot by David Perron.
1:24 of 3rd period - Stopped by Jaroslav Halak without a rebound.
1:25 of 3rd period - Pavel Datsyuk wins face-off versus Nik Antropov in Capitals zone.
2:16 of 3rd period - Wrist shot by David Krejci.
2:16 of 3rd period - Stopped by Tuukka Rask with a rebound.
2:18 of 3rd period - Wrist shot by David Krejci.
2:18 of 3rd period - Shot Misses the Net.
2:36 of 3rd period - Snap shot by Lee Stempniak.
2:36 of 3rd period - Shot Blocked by Carl Hagelin.
2:38 of 3rd period - Snap shot by Kevin Porter.
2:38 of 3rd period - Deflect By Taylor Pyatt.
2:38 of 3rd period - Stopped by Jaroslav Halak with a rebound.
2:40 of 3rd period - Snap shot by Kevin Porter.
2:40 of 3rd period - Stopped by Jaroslav Halak with a rebound.
2:52 of 3rd period - Wrist shot by David Perron.
2:52 of 3rd period - Goal by David Perron - Capitals : 1 - Blues : 3.
2:53 of 3rd period - Nik Antropov wins face-off versus Thomas Vanek in neutral zone.
3:04 of 3rd period - Slapshot by Brent Seabrook.
3:04 of 3rd period - Shot Misses the Net.
3:06 of 3rd period - Snap shot by Pavel Datsyuk.
3:06 of 3rd period - Shot Misses the Net.
3:08 of 3rd period - Snap shot by Thomas Vanek.
3:08 of 3rd period - Shot Blocked by Drew Fata.
3:18 of 3rd period - James Neal is hit by Darren Reid and loses puck.
4:34 of 3rd period - Joe Pavelski is hit by James Neal and loses puck.
5:29 of 3rd period - Brian Campbell is hit by Lee Stempniak and loses puck.
6:20 of 3rd period - Wrist shot by Carl Hagelin.
6:20 of 3rd period - Shot Blocked by David Perron.
6:22 of 3rd period - Slapshot by Mark Streit.
6:22 of 3rd period - Stopped by Tuukka Rask without a rebound.
6:23 of 3rd period - Nik Antropov wins face-off versus Pavel Datsyuk in Blues zone.
6:23 of 3rd period - Nik Antropov is hit by Thomas Vanek.
6:31 of 3rd period - Snap shot by David Perron.
6:31 of 3rd period - Stopped by Jaroslav Halak without a rebound.
6:32 of 3rd period - Joe Pavelski wins face-off versus Pavel Datsyuk in Capitals zone.
6:57 of 3rd period - Wrist shot by Thomas Vanek.
6:57 of 3rd period - Goal by Thomas Vanek - Capitals : 2 - Blues : 3.
6:58 of 3rd period - Nik Antropov wins face-off versus Pavel Datsyuk in neutral zone.
7:03 of 3rd period - Pavel Datsyuk is hit by Nik Antropov and loses puck.
7:23 of 3rd period - Nik Antropov is hit by David Krejci and loses puck.
7:30 of 3rd period - Snap shot by Johan Franzen.
7:30 of 3rd period - Stopped by Tuukka Rask with a rebound.
8:00 of 3rd period - Slapshot by Alex Pietrangelo.
8:00 of 3rd period - Stopped by Jaroslav Halak without a rebound.
8:01 of 3rd period - Tyler Arnason wins face-off versus Pavel Datsyuk in Capitals zone.
8:04 of 3rd period - Snap shot by Paul Kariya.
8:04 of 3rd period - Shot Misses the Net.
8:12 of 3rd period - Slapshot by Thomas Vanek.
8:12 of 3rd period - Goal by Thomas Vanek - Capitals : 3 - Blues : 3.
8:13 of 3rd period - Nik Antropov wins face-off versus Pavel Datsyuk in neutral zone.
8:20 of 3rd period - Wrist shot by David Perron.
8:20 of 3rd period - Stopped by Jaroslav Halak with a rebound.
8:22 of 3rd period - Slapshot by David Perron.
8:22 of 3rd period - Shot Misses the Net.
8:24 of 3rd period - Slapshot by Drew Fata.
8:24 of 3rd period - Stopped by Jaroslav Halak without a rebound.
8:25 of 3rd period - Nicklas Backstrom wins face-off versus Pavel Datsyuk in Capitals zone.
8:26 of 3rd period - Wrist shot by Guillaume Latendresse.
8:26 of 3rd period - Shot Misses the Net.
8:28 of 3rd period - Slapshot by Drew Fata.
8:28 of 3rd period - Shot Misses the Net.
8:30 of 3rd period - Slapshot by Nicklas Backstrom.
8:30 of 3rd period - Shot Blocked by Brent Seabrook.
8:36 of 3rd period - Slapshot by Guillaume Latendresse.
8:36 of 3rd period - Shot Misses the Net.
8:38 of 3rd period - Slapshot by Jake Gardiner.
8:38 of 3rd period - Stopped by Jaroslav Halak without a rebound.
8:39 of 3rd period - Phil Kessel wins face-off versus Nik Antropov in Capitals zone.
9:30 of 3rd period - Drew Fata is hit by David Krejci and loses puck.
9:50 of 3rd period - Off-side.
9:51 of 3rd period - Mikael Samuelsson wins face-off versus Nik Antropov in neutral zone.
9:56 of 3rd period - Slapshot by Brian Campbell.
9:56 of 3rd period - Shot Blocked by Bryce Lampman.
9:58 of 3rd period - Slapshot by Marek Zidlicky.
9:58 of 3rd period - Stopped by Tuukka Rask with a rebound.
10:16 of 3rd period - Brian Campbell is hit by Darren Reid.
11:01 of 3rd period - Wrist shot by Sergei Shirokov.
11:01 of 3rd period - Stopped by Jaroslav Halak without a rebound.
11:02 of 3rd period - David Krejci wins face-off versus Kevin Porter in Capitals zone.
11:43 of 3rd period - Minor Penalty to Marek Zidlicky for Holding.
11:44 of 3rd period - Nicklas Backstrom wins face-off versus Pavel Datsyuk in Capitals zone.
11:55 of 3rd period - Slapshot by Alex Pietrangelo.
11:55 of 3rd period - Goal by Alex Pietrangelo - Capitals : 3 - Blues : 4.
11:56 of 3rd period - Pavel Datsyuk wins face-off versus Nik Antropov in neutral zone.
12:01 of 3rd period - Snap shot by Thomas Vanek.
12:01 of 3rd period - Stopped by Tuukka Rask without a rebound.
12:02 of 3rd period - Pavel Datsyuk wins face-off versus Nik Antropov in Blues zone.
12:03 of 3rd period - Wrist shot by Phil Kessel.
12:03 of 3rd period - Shot Misses the Net.
12:05 of 3rd period - Slapshot by Mark Streit.
12:05 of 3rd period - Stopped by Tuukka Rask with a rebound.
12:07 of 3rd period - Slapshot by Brent Seabrook.
12:07 of 3rd period - Shot Misses the Net.
12:09 of 3rd period - Snap shot by Mark Streit.
12:09 of 3rd period - Shot Misses the Net.
12:11 of 3rd period - Snap shot by Thomas Vanek.
12:11 of 3rd period - Shot Misses the Net.
12:13 of 3rd period - Slapshot by Brent Seabrook.
12:13 of 3rd period - Stopped by Tuukka Rask with a rebound.
12:17 of 3rd period - Snap shot by Thomas Vanek.
12:17 of 3rd period - Shot Misses the Net.
12:51 of 3rd period - Off-side.
12:52 of 3rd period - Tyler Arnason wins face-off versus David Krejci in neutral zone.
12:59 of 3rd period - Snap shot by Paul Kariya.
12:59 of 3rd period - Stopped by Jaroslav Halak without a rebound.
13:00 of 3rd period - Nik Antropov wins face-off versus Pavel Datsyuk in Capitals zone.
13:09 of 3rd period - Snap shot by Thomas Vanek.
13:09 of 3rd period - Stopped by Tuukka Rask without a rebound.
13:10 of 3rd period - Nik Antropov wins face-off versus Pavel Datsyuk in Blues zone.
13:53 of 3rd period - Backhand shot by David Perron.
13:53 of 3rd period - Stopped by Jaroslav Halak without a rebound.
13:54 of 3rd period - Nicklas Backstrom wins face-off versus Tyler Johnson in Capitals zone.
14:03 of 3rd period - Slapshot by James Neal.
14:03 of 3rd period - Stopped by Tuukka Rask without a rebound.
14:04 of 3rd period - Tyler Johnson wins face-off versus Nicklas Backstrom in Blues zone.
14:09 of 3rd period - Snap shot by James Neal.
14:09 of 3rd period - Stopped by Tuukka Rask with a rebound.
14:37 of 3rd period - Slapshot by Nicklas Backstrom.
14:37 of 3rd period - Shot Blocked by Tyler Johnson.
14:47 of 3rd period - Wrist shot by Guillaume Latendresse.
14:47 of 3rd period - Shot Hit the Post.
14:49 of 3rd period - Wrist shot by Nicklas Backstrom.
14:49 of 3rd period - Stopped by Jaroslav Halak with a rebound.
15:01 of 3rd period - Snap shot by Jakub Voracek.
15:01 of 3rd period - Stopped by Tuukka Rask without a rebound.
15:02 of 3rd period - David Krejci wins face-off versus Nik Antropov in Blues zone.
15:05 of 3rd period - Snap shot by Patrik Elias.
15:05 of 3rd period - Shot Blocked by Alex Pietrangelo.
15:11 of 3rd period - Slapshot by Alex Pietrangelo.
15:11 of 3rd period - Shot Misses the Net.
15:13 of 3rd period - Wrist shot by Joe Pavelski.
15:13 of 3rd period - Stopped by Jaroslav Halak with a rebound.
15:15 of 3rd period - Wrist shot by David Perron.
15:15 of 3rd period - Stopped by Jaroslav Halak without a rebound.
15:16 of 3rd period - Nik Antropov wins face-off versus Pavel Datsyuk in Capitals zone.
15:29 of 3rd period - Snap shot by David Perron.
15:29 of 3rd period - Shot Blocked by Pavel Datsyuk.
15:31 of 3rd period - Slapshot by David Perron.
15:31 of 3rd period - Goal by David Perron - Capitals : 3 - Blues : 5.
15:32 of 3rd period - David Krejci wins face-off versus Nik Antropov in neutral zone.
15:35 of 3rd period - Nik Antropov is hit by Mark Streit and loses puck.
15:42 of 3rd period - Wrist shot by Johan Franzen.
15:42 of 3rd period - Stopped by Tuukka Rask without a rebound.
15:43 of 3rd period - Nik Antropov wins face-off versus David Krejci in Blues zone.
15:51 of 3rd period - Icing by Alex Pietrangelo.
15:52 of 3rd period - David Krejci wins face-off versus Nik Antropov in Blues zone.
16:05 of 3rd period - Snap shot by Johan Franzen.
16:05 of 3rd period - Deflect By David Krejci.
16:05 of 3rd period - Goal by David Krejci - Capitals : 4 - Blues : 5.
16:06 of 3rd period - David Krejci wins face-off versus Tyler Arnason in neutral zone.
16:57 of 3rd period - Snap shot by Brent Seabrook.
16:57 of 3rd period - Shot Blocked by David Perron.
16:59 of 3rd period - Snap shot by Pavel Datsyuk.
16:59 of 3rd period - Shot Misses the Net.
17:01 of 3rd period - Wrist shot by Thomas Vanek.
17:01 of 3rd period - Deflect By Phil Kessel.
17:01 of 3rd period - Shot Misses the Net.
17:01 of 3rd period - Puck is out of play.
17:02 of 3rd period - Pavel Datsyuk wins face-off versus Tyler Arnason in Blues zone.
17:07 of 3rd period - Wrist shot by Phil Kessel.
17:07 of 3rd period - Shot Misses the Net.
17:17 of 3rd period - Slapshot by Paul Kariya.
17:17 of 3rd period - Goal by Paul Kariya - Capitals : 4 - Blues : 6.
17:18 of 3rd period - Tyler Arnason wins face-off versus David Krejci in neutral zone.
17:23 of 3rd period - Wrist shot by Sergei Shirokov.
17:23 of 3rd period - Shot Blocked by Brent Seabrook.
17:25 of 3rd period - Wrist shot by Alex Pietrangelo.
17:25 of 3rd period - Shot Blocked by Brent Seabrook.
17:43 of 3rd period - Pavel Datsyuk is hit by David Perron and loses puck.
17:47 of 3rd period - Icing by Mark Streit.
17:48 of 3rd period - Joe Pavelski wins face-off versus Pavel Datsyuk in Capitals zone.
18:12 of 3rd period - Minor Penalty to Joe Pavelski for Hooking.
18:13 of 3rd period - Pavel Datsyuk wins face-off versus Nik Antropov in Blues zone.
18:20 of 3rd period - Slapshot by Mark Streit.
18:20 of 3rd period - Stopped by Tuukka Rask with a rebound.
18:22 of 3rd period - Wrist shot by Johan Franzen.
18:22 of 3rd period - Shot Misses the Net.
18:24 of 3rd period - Wrist shot by Johan Franzen.
18:24 of 3rd period - Shot Blocked by Bryce Lampman.
18:26 of 3rd period - Backhand shot by Brent Seabrook.
18:26 of 3rd period - Goal by Brent Seabrook - Capitals : 5 - Blues : 6.
18:27 of 3rd period - Tyler Arnason wins face-off versus David Krejci in neutral zone.
18:40 of 3rd period - Wrist shot by Patrik Elias.
18:40 of 3rd period - Shot Misses the Net.
18:42 of 3rd period - Slapshot by Patrik Elias.
18:42 of 3rd period - Goal by Patrik Elias - Capitals : 6 - Blues : 6.
18:43 of 3rd period - Tyler Arnason wins face-off versus David Krejci in neutral zone.
18:56 of 3rd period - Wrist shot by Johan Franzen.
18:56 of 3rd period - Shot Misses the Net.
18:58 of 3rd period - Slapshot by Mark Streit.
18:58 of 3rd period - Shot Misses the Net.
19:08 of 3rd period - Phil Kessel is hit by David Perron and loses puck.
19:38 of 3rd period - Icing by Pavel Datsyuk.
19:39 of 3rd period - Pavel Datsyuk wins face-off versus Nik Antropov in Capitals zone.
19:58 of 3rd period - Snap shot by Ryan Callahan.
19:58 of 3rd period - Shot Blocked by Alex Pietrangelo.
Goals for this period are 5 for Capitals vs 4 for Blues.
Shots for this period are 19 for Capitals vs 21 for Blues.

Overtime #1


0:01 of 1st overtime period - Nik Antropov wins face-off versus Pavel Datsyuk in neutral zone.
0:15 of 1st overtime period - Slapshot by Alex Pietrangelo.
0:15 of 1st overtime period - Stopped by Jaroslav Halak with a rebound.
0:40 of 1st overtime period - Off-side.
0:41 of 1st overtime period - Taylor Pyatt wins face-off versus Jakub Voracek in neutral zone.
0:56 of 1st overtime period - Wrist shot by Jakub Voracek.
0:56 of 1st overtime period - Shot Misses the Net.
2:03 of 1st overtime period - Ryan Callahan is hit by Bryce Lampman and loses puck.
2:32 of 1st overtime period - Lasse Kukkonen is hit by Brian Campbell and loses puck.
2:39 of 1st overtime period - Brian Campbell is hit by Drew Fata and loses puck.
2:58 of 1st overtime period - Nicklas Backstrom is hit by Mark Streit and loses puck.
3:25 of 1st overtime period - Pavel Datsyuk is hit by Lasse Kukkonen and loses puck.
3:58 of 1st overtime period - Alex Pietrangelo is hit by Brent Seabrook and loses puck.
Goals for this period are 0 for Capitals vs 0 for Blues.
Shots for this period are 0 for Capitals vs 1 for Blues.

ShootOut


5:00 of 1st overtime period - Penalty Shot by Pavel Datsyuk for Capitals.
5:00 of 1st overtime period - Wrist shot by Pavel Datsyuk.
5:00 of 1st overtime period - Goal by Pavel Datsyuk.
5:00 of 1st overtime period - Penalty Shot by David Perron for Blues.
5:00 of 1st overtime period - Snap shot by David Perron.
5:00 of 1st overtime period - Stopped by Jaroslav Halak.
5:00 of 1st overtime period - Penalty Shot by Jakub Voracek for Capitals.
5:00 of 1st overtime period - Deke by Jakub Voracek.
5:00 of 1st overtime period - Stopped by Tuukka Rask.
5:00 of 1st overtime period - Penalty Shot by Guillaume Latendresse for Blues.
5:00 of 1st overtime period - Deke by Guillaume Latendresse.
5:00 of 1st overtime period - Stopped by Jaroslav Halak.
5:00 of 1st overtime period - Penalty Shot by Thomas Vanek for Capitals.
5:00 of 1st overtime period - Snap shot by Thomas Vanek.
5:00 of 1st overtime period - Stopped by Tuukka Rask.
5:00 of 1st overtime period - Penalty Shot by Joe Pavelski for Blues.
5:00 of 1st overtime period - Snap shot by Joe Pavelski.
5:00 of 1st overtime period - Stopped by Jaroslav Halak.